 Seeded DCSS version 0.27-a0-1188-g73eefd5def (webtiles) character file.

Game seed: 20210522 (custom seed)

101 Snicker the Sneak (level 4, 0/33 HPs)
             Began as a Demonspawn Brigand on May 22, 2021.
             Slain by an ogre
             ... wielding a +0 giant club
              (21 damage)
             ... on level 4 of the Dungeon.
             The game lasted 00:04:51 (2906 turns).

Snicker the Sneak (Demonspawn Brigand)              Turns: 2906, Time: 00:04:51

Health: 0/33       AC:  4    Str: 11    XL:     4   Next: 48%
Magic:  4/4        EV: 11    Int: 14    God:
Gold:   129        SH:  4    Dex: 14    Spells: 1/3 levels left

rFire    . . .     SeeInvis .   a - +2 dagger
rCold    . . .     Faith    .   (no shield)
rNeg     . . .     Spirit   .   x - +0 leather armour
rPois    .         Reflect  .   (no helmet)
rElec    .         Harm     .   c - +0 cloak
rCorr    .         Rampage  .   (no gloves)
Will     .....                  (no boots)
Stlth    +++.......             (no amulet)
HPRegen  0.11/turn              (no ring)
MPRegen  0.09/turn              (no ring)

@: no status effects
A: large bone plates 1, powered by pain 1
a: no special abilities


You were on level 4 of the Dungeon.
You visited 1 branch of the dungeon, and saw 4 of its levels.

You collected 129 gold pieces.

Inventory:

Hand Weapons
 a - a +2 dagger (weapon)
 v - a +2 flail of protection
Missiles
 d - 8 poisoned darts
 e - a curare-tipped dart (quivered)
 f - 2 atropa-tipped darts
 j - 5 boomerangs
 w - a throwing net
Armour
 b - a +0 robe
 c - a +0 cloak (worn)
 x - a +0 leather armour (worn)
Wands
 m - a wand of flame (21)
Scrolls
 h - a scroll of magic mapping {unknown}
 n - a scroll of vulnerability {unknown}
 p - a scroll of enchant armour {unknown}
 r - 3 scrolls of identify {unknown}
 u - a scroll of teleportation {unknown}
Potions
 g - a potion of lignification {unknown}
 i - a potion of resistance {unknown}
 k - 2 potions of ambrosia {unknown}
 l - a potion of heal wounds
 o - 3 potions of degeneration {unknown}
 q - a potion of curing {unknown}
 s - a potion of attraction {unknown}
 t - a potion of haste {unknown}


   Skills:
 + Level 2.0 Fighting
 * Level 2.6 Short Blades
 + Level 1.7 Throwing
 + Level 1.0 Dodging
 * Level 4.9 Stealth
 * Level 0.9 Translocations


You had one spell level left.
You knew the following spells:

 Your Spells              Type           Power      Damage    Failure   Level
a - Blink                 Tloc           N/A        N/A       36%         2

Your spell library contained the following spells:

 Spells                   Type           Power      Damage    Failure   Level
 Magic Dart               Conj           0%         1d3       36%         1
 Call Imp                 Summ           0%         N/A       50%         2
 Searing Ray              Conj           0%         3d3       50%         2
 Slow                     Hex            0%         N/A       50%         2
 Conjure Flame            Conj/Fire      0%         6-21      75%         3
 Dazzling Flash           Conj/Hex       0%         N/A       75%         3
 Mephitic Cloud           Conj/Pois/Air  0%         N/A       75%         3
 Iskenderun's Mystic Bla  Conj/Tloc      1%         2d3       97%         4
 Fulminant Prism          Conj/Hex       0%         3d6       98%         4


Dungeon Overview and Level Annotations

Branches:
Dungeon (4/15)
 Temple: D:4-7

Altars:
Kikubaaqudgha
Nemelex Xobeh
Okawaru
Sif Muna
The Shining One


Innate Abilities, Weirdness & Mutations

You are partially covered in large bone plates. (SH +4)
You sometimes gain a little power by taking damage.


Message History

There is a stone staircase leading up here.
You hit the orc but do no damage.
The orc is heavily wounded.
The orc hits you with a +0 club.
You barely miss the orc.
The orc is heavily wounded.
The orc hits you with a +0 club.
You hit the orc but do no damage.
The orc is heavily wounded.
You block the orc's attack.
You climb upwards.
There is a stone staircase leading down here.
You hit the orc.
You kill the orc!
Things that are here:
a +0 club; a +0 scale mail; an orc corpse
Things that are here:
a +0 club; a +0 scale mail; an orc corpse
There is a stone staircase leading down here.
There is a stone staircase leading down here.
You climb downwards.
An ogre comes into view. It is wielding a +0 giant club.
There is a stone staircase leading up here.
The ogre shouts!
The ogre hits you with a +0 giant club!
You hit the ogre.
The ogre is lightly wounded.
The ogre misses you.
Throw: 2 darts (curare)
Press: ? - help, Q - select action, (/) - cycle Shift-Dir - straight line, f - ogre
Aim: an ogre, wielding a +0 giant club (lightly wounded, 74% to hit)
You throw a curare-tipped dart. The curare-tipped dart hits the ogre.
The ogre is poisoned.
The ogre convulses.
The ogre seems to slow down.
The ogre is moderately wounded.
You hit the ogre but do no damage.
The ogre is moderately wounded.
The ogre hits you with a +0 giant club!!
Ouch! That really hurt!
You die... #.###########.# #....<.@O.....# ###############

You could see an ogre (very poisoned, slow).

Vanquished Creatures
  5 adders (D:2)
  2 dart slugs
  3 orcs (D:3)
  4 bats
  5 endoplasms (D:1)
  3 giant cockroaches
  5 goblins
  2 hobgoblins
  3 jackals (D:3)
  4 kobolds
  A quokka (D:2)
  8 ball pythons
  2 rats
47 creatures vanquished.

Notes
Turn   | Place    | Note
-------+----------+-------------------------------------------
     0 | D:1      | Snicker the Demonspawn Brigand began the quest for the Orb.
     0 | D:1      | Reached XP level 1. HP: 16/16 MP: 1/1
    30 | D:1      | Found a faded altar of an unknown god.
   206 | D:1      | Reached skill level 4 in Stealth
   294 | D:1      | Gained mutation: You are partially covered in large bone
                  | plates. (SH +4) [demonic ancestry]
   294 | D:1      | Reached XP level 2. HP: 22/22 MP: 2/2
   728 | D:2      | Reached XP level 3. HP: 25/27 MP: 3/3
   731 | D:2      | Learned a level 2 spell: Blink
  1186 | D:2      | Gained mutation: You sometimes gain a little power by
                  | taking damage. [demonic ancestry]
  1186 | D:2      | Reached XP level 4. HP: 33/33 MP: 4/4
  1738 | D:3      | Found a shimmering blue altar of Sif Muna.
  1738 | D:3      | Found an ancient bone altar of Kikubaaqudgha.
  1739 | D:3      | Found a sparkling altar of Nemelex Xobeh.
  1757 | D:3      | Reached skill level 1 in Dodging
  1886 | D:3      | Found an iron altar of Okawaru.
  1909 | D:3      | HP: 1/33 [orc/+2 flail of protection (10)]
  2830 | D:4      | Noticed a scorpion
  2901 | D:4      | Noticed an ogre
  2906 | D:4      | Slain by an ogre

Illustrated notes

Levels and vault maps discovered:
D:1:      tarquinn_simple_flora_water_b, layout_basic,
          ebering_ecumenical_altar_mist
D:2:      layout_rooms, minmay_snake_closets
D:3:      layout_loops_ring, okawaru_gym_becter,
          chequers_temple_overflow_statue_of_worship, roderic_lattice_a
D:4:      layout_loops_ring, kennysheep_mini

Skill      XL: |  1  2  3  4 |
---------------+-------------+-----
Stealth        | 4 |  4.9
Short Blades   | 2 |  2.6
Dodging        | 1 |  1.0
Fighting       | |  2.0
Throwing       | |  1.7
Translocations | |  0.9

Action                   |  1- 3 |  4- 6 || total
-------------------------+-------+-------++-------
Melee: Dagger            |    72 |    73 ||   145
Throw: Dart              |     1 |     2 ||     3
  Use: Potion            |     1 |       ||     1
 Stab: Sleeping          |     7 |     7 ||    14
Armor: Robe              |    18 |    13 ||    31
       Leather armour    |       |     1 ||     1
Dodge: Dodged            |    32 |    28 ||    60
Block: Other             |     7 |    11 ||    18

Table legend: (Time is in decaauts)
 A = Elapsed time spent in this place.
 B = Non-inter-level travel time spent in this place.
 C = Inter-level travel time spent in this place.
 D = Time resting spent in this place.
 E = Time spent auto-exploring this place.
 F = Levels seen in this place.
 G = Mean time per level.
                   A        B        C        D        E       F      G
               +--------+--------+--------+--------+--------+-----+--------+
         Total |   2891 |   2624 |    267 |    481 |   1705 |   4 |  722.8 |
       Dungeon |   2891 |   2624 |    267 |    481 |   1705 |   4 |  722.8 |
               +--------+--------+--------+--------+--------+-----+--------+

Top non-repeatable levels by time:
     D:3: 1499 daAuts
     D:2: 726 daAuts
     D:1: 634 daAuts
     D:4: 31 daAuts
